Map: Crimson Court LE

Players

HardyBalls - Winner!

  • Race: Zerg Zerg
  • Spawn Location: 7:00

xBenx

  • Race: Zerg Zerg
  • League: Gold
  • Spawn Location: 1:00

VOD

Have the link to the VOD?

Description

xBenx vs HardyBalls

Time

  • Played on: April 3, 2024, 12:34 p.m.
  • Length: 18:24
Show
View Real Time Build Order
Export as new Build Order

HardyBalls Zerg - Winner!

Build Orders: Pool First 

Get SALT Encoding   

  12  0:02  Drone  
  13  0:10  Drone  
  14  0:27  Spawning Pool  
  13  0:30  Drone  
  14  0:42  Overlord  
  14  0:48  Extractor, Drone  
  15  1:06  Hatchery  
  14  1:18  Queen  
  14  1:21  Zergling x2  
  14  1:25  Zergling x2  
  18  1:29  Zergling x2  
  19  1:35  Drone  
  20  1:48  Extractor  
  20  1:52  Overlord  
  19  2:00  Queen  
  21  2:06  Drone  
  22  2:14  Zergling x2  
  23  2:18  Queen  
  25  2:23  Drone  
  26  2:45  Queen  
  26  2:49  Metabolic Boost  
  28  3:05  Drone  
  28  3:06  Drone x5  
  34  3:17  Evolution Chamber  
  33  3:27  Queen  
  35  3:39  Evolution Chamber  
  34  3:41  Spine Crawler  
  34  3:47  Overlord x2  
  33  3:56  Drone x3  
  36  4:08  Drone x4  
  36  4:09  Drone x2  
  42  4:26  Drone x5  
  47  4:31  Drone  
  47  4:34  Lair  
  47  4:36  Drone  
  47  4:37  Drone x2  
  51  4:40  Extractor  
  51  4:42  Extractor  
  49  4:49  Drone x2  
  49  4:50  Drone  
  52  4:58  Overlord  
  52  5:15  Queen, Overlord x2  
  52  5:18  Drone x2  
  52  5:19  Drone  
  57  5:32  Hatchery  
  57  5:33  Roach Warren  
  57  5:35  Overseer  
  55  5:38  Spore Crawler  
  55  5:41  Spore Crawler  
  53  5:50  Spore Crawler  
  52  6:03  Zerg Missile Weapons Level 1  
  52  6:04  Zerg Ground Armor Level 1  
  52  6:12  Hydralisk Den  
  51  6:19  Overseer  
  49  7:01  Roach  
  49  7:02  Roach x11  
  71  7:15  Queen  
  71  7:19  Queen, Grooved Spines  
  73  7:34  Overlord x4  
  73  7:48  Overlord  
  73  7:49  Overlord x2  
  73  7:56  Glial Reconstitution  
  73  8:06  Roach  
  73  8:09  Muscular Augments  
  73  8:10  Roach x9  
  93  8:17  Hatchery  
  92  8:32  Zerg Missile Weapons Level 2  
  92  8:33  Zerg Ground Armor Level 2  
  92  8:35  Roach x4  
  92  8:39  Zergling x6  
  103  8:54  Roach  
  103  8:55  Roach x4  
  113  9:12  Extractor, Roach x5  
  122  9:23  Overseer x2  
  118  9:54  Drone x4  
  118  9:55  Drone x5  
  127  10:18  Spore Crawler  
  126  10:24  Drone  
  126  10:25  Overlord x2  
  126  10:26  Overlord x3  
  127  10:53  Roach  
  127  10:54  Roach x7  
  143  11:29  Roach  
  143  11:30  Roach x11  
  167  11:38  Overlord x2  
  167  11:40  Overlord  
  152  12:43  Roach  
  152  12:44  Roach x15  
  154  12:45  Roach x5  
  176  13:25  Overseer  
  176  13:26  Overseer  
  171  13:50  Overlord x2  
  171  13:51  Overlord  
  171  13:52  Hydralisk  
  171  13:53  Hydralisk x5  
  183  14:00  Extractor  
  183  14:02  Extractor  
  181  14:13  Drone  
  181  14:14  Drone x3  
  185  14:39  Drone x2  
  185  14:40  Drone  
  185  14:41  Drone x3  
  191  14:50  Spire  
  191  14:51  Drone x5  
  195  14:57  Spine Crawler  
  194  15:19  Hatchery  
  193  15:29  Hatchery  
  112  16:05  Roach  
  112  16:06  Roach x8  
  120  16:38  Hydralisk  
  120  16:39  Hydralisk x10  
  120  16:40  Hydralisk x5  
  120  17:09  Hydralisk  
  120  17:10  Hydralisk x11  
  120  17:11  Hydralisk x2  
  142  17:43  Drone x3  
  142  17:44  Drone x7  
  148  17:45  Drone x6  
  158  18:02  Drone  
  158  18:03  Drone x5  
  171  18:22  Spine Crawler  
Show
View Real Time Build Order
Export as new Build Order

xBenx Zerg 

Build Orders: Hatch First 

Get SALT Encoding   

  12  0:02  Drone  
  13  0:13  Overlord  
  13  0:26  Drone  
  14  0:32  Drone  
  15  0:51  Drone x2  
  17  1:03  Hatchery  
  16  1:16  Drone x2, Extractor  
  16  1:17  Drone  
  18  1:25  Spawning Pool  
  17  1:31  Drone  
  18  1:40  Overlord  
  18  1:45  Extractor  
  17  1:59  Drone  
  18  2:10  Drone  
  18  2:12  Drone  
  20  2:16  Drone  
  20  2:18  Queen x2  
  25  2:26  Drone  
  25  2:28  Zergling x2  
  27  2:31  Spore Crawler  
  26  2:43  Drone x2  
  28  2:45  Drone  
  28  2:50  Metabolic Boost  
  29  3:13  Baneling Nest  
  29  3:15  Drone x3, Extractor  
  29  3:17  Drone x3  
  34  3:34  Drone  
  34  3:36  Extractor  
  33  3:42  Drone x2  
  33  3:45  Lair  
  35  3:49  Drone  
  36  4:02  Spore Crawler  
  35  4:05  Drone  
  36  4:15  Overlord x3  
  36  4:20  Hatchery  
  35  4:24  Drone  
  35  4:31  Extractor  
  35  4:32  Drone  
  35  4:33  Queen  
  38  4:42  Queen  
  40  4:48  Hydralisk Den  
  39  4:54  Infestation Pit  
  37  5:07  Centrifugal Hooks  
  37  5:08  Zergling x22  
  37  5:09  Zergling x4  
  50  5:19  Evolution Chamber  
  49  5:22  Evolution Chamber  
  49  5:24  Spine Crawler  
  49  5:28  Baneling  
  47  5:30  Baneling  
  47  5:31  Baneling x6  
  47  5:32  Baneling x3  
  47  5:36  Drone  
  48  5:44  Grooved Spines  
  48  6:00  Overlord  
  48  6:05  Spore Crawler  
  48  6:08  Zerg Ground Armor Level 1  
  47  6:19  Drone x6  
  54  6:25  Zergling x4  
  55  6:33  Drone x2  
  57  6:46  Drone x2  
  57  6:47  Overlord x2  
  46  7:23  Drone x3  
  46  7:24  Baneling  
  46  7:25  Baneling x8  
  46  7:26  Zergling x10  
  46  7:27  Zergling x8  
  46  7:29  Drone  
  59  7:38  Nydus Network  
  59  7:43  Spore Crawler  
  57  7:46  Drone x3  
  60  7:52  Zerg Melee Weapons Level 1  
  60  8:02  Drone  
  61  8:07  Drone x4  
  61  8:08  Drone x4  
  61  8:12  Spore Crawler  
  68  8:17  Hive  
  68  8:32  Queen  
  70  8:34  Hydralisk, Muscular Augments  
  70  8:35  Hydralisk x2  
  76  8:49  Overlord x2  
  76  8:51  Pneumatized Carapace  
  75  9:04  Spire  
  75  9:07  Overlord  
  75  9:08  Burrow  
  74  9:17  Nydus Canal  
  74  9:19  Hydralisk  
  74  9:20  Hydralisk x6  
  74  9:22  Overseer x2  
  88  9:29  Extractor x2  
  88  9:30  Drone x2, Spine Crawler  
  76  9:56  Infestor x4  
  84  10:10  Overlord  
  84  10:12  Hatchery  
  83  10:26  Drone, Spore Crawler  
  83  10:27  Drone x5  
  88  10:28  Ultralisk Cavern  
  88  10:31  Drone  
  88  10:32  Drone, Queen  
  91  10:55  Mutalisk x4  
  99  11:01  Overseer  
  99  11:17  Zergling x2, Ultralisk  
  99  11:18  Zergling x12  
  109  11:19  Zergling x20  
  109  11:22  Overlord  
  122  11:28  Drone  
  123  11:38  Drone x2  
  125  11:41  Hydralisk  
  125  11:42  Hydralisk x3  
  133  11:56  Nydus Canal  
  133  12:03  Evolution Chamber  
  133  12:07  Spine Crawler  
  125  12:18  Nydus Canal  
  100  12:38  Infestor x4  
  82  12:45  Infestor x3, Nydus Canal  
  82  12:48  Zergling x6, Ultralisk x2  
  82  12:49  Zergling x12, Ultralisk x3  
  82  12:51  Infestor x3  
  103  12:55  Infestor x2  
  98  13:02  Nydus Canal  
  79  13:34  Hydralisk x2  
  79  13:35  Zergling x6, Hydralisk x2, Ultralisk  
  79  13:36  Zergling x4  
  98  13:50  Chitinous Plating  
  98  13:59  Nydus Canal  
  98  14:18  Drone x3  
  98  14:19  Drone  
  102  14:29  Hatchery  
  97  14:41  Mutalisk  
  97  14:42  Mutalisk x3  
  105  14:55  Zerg Ground Armor Level 2  
  105  15:01  Drone  
  105  15:02  Drone x7  
  113  15:20  Mutalisk  
  115  15:37  Zerg Flyer Weapons Level 1  
  115  15:40  Overlord x3  
  115  15:41  Overseer  
  75  16:05  Mutalisk x2  
  75  16:06  Zergling x14, Ultralisk  
  75  16:07  Zergling x4  
  75  16:11  Mutalisk, Drone x2  
  70  16:35  Drone x12  
  66  16:49  Hatchery  
  54  17:00  Mutalisk x2  
  47  17:10  Nydus Canal  
  45  17:46  Nydus Canal  
Tags
 
Add a new tag
Caveats
  • Supply blocks, unpowered buildings, or Contaminate may cause inaccurate times.
  • Supply counts are checked every 10 seconds.